 Dungeon Crawl Stone Soup version 0.27.1-34-g3ba077fa99 (webtiles) character file.

Game seed: 3652184195740765016

517 Delamore the Covert (level 7, 0/67 HPs)
             Began as an Octopode Brigand on Feb 12, 2022.
             Slain by Robin (3 damage)
             ... on level 3 of the Dungeon.
             The game lasted 00:03:36 (2257 turns).

Delamore the Covert (Octopode Brigand)              Turns: 2257, Time: 00:03:36

Health: 0/67       AC: 23    Str: 11    XL:     7   Next: 20%
Magic:  7/7        EV:  2    Int: 13    God:
Gold:   105        SH:  0    Dex: 15    Spells: 6/6 levels left

rFire    . . .     SeeInvis .   h - +1 dagger (elec)
rCold    . . .     Faith    .   (no shield)
rNeg     + + +     Spirit   .   (helmet currently unavailable)
rPois    +         Reflect  .   (no amulet)
rElec    .         Harm     .   (no ring)
rCorr    .         Rampage  .   (no ring)
Will     .....     NoTele   +   (no ring)
Stlth    ++++......             (no ring)
HPRegen  0.21/turn              (no ring)
MPRegen  0.10/turn              (no ring)
                                (no ring)
                                (no ring)

@: tree-form (expiring)
A: stationary, stasis, torment immunity, boosted hp, almost no armour,
(amphibious), 8 rings, (camouflage 1), (gelatinous body 1), (nimble swimmer 1),
(tentacles)
a: no special abilities


You were on level 3 of the Dungeon.
You were a tree.
You visited 1 branch of the dungeon, and saw 3 of its levels.

You collected 105 gold pieces.

Inventory:

Hand Weapons
 a - a +2 dagger
 h - a +1 dagger of electrocution (weapon)
Missiles
 b - 22 poisoned darts
 c - a curare-tipped dart (quivered)
Potions
 e - a potion of cancellation
 f - a potion of brilliance {unknown}
 k - a potion of heal wounds {unknown}
 l - a potion of haste {unknown}
 m - a potion of lignification


   Skills:
 - Level 2.0 Fighting
 + Level 4.8 Short Blades
 - Level 2.0 Throwing
 - Level 1.0 Dodging
 - Level 10.0 Stealth


You had 6 spell levels left.
You didn't know any spells.
Your spell library was empty.

Dungeon Overview and Level Annotations

Branches:
Dungeon (3/15)

Altars:
Nemelex Xobeh

Annotations:
D:3 Robin


Innate Abilities, Weirdness & Mutations

You are a tree.
Your roots penetrate the ground, keeping you stationary.
You cannot be teleported.
You are immune to unholy pain and torment.
Your maximum health is greatly increased.
You cannot wear most types of armour.
((You are amphibious.))
You can wear up to eight rings at the same time.
((Your skin changes colour to match your surroundings (Stealth+).))
((Your rubbery body absorbs attacks. (AC +1, EV +1)))
((You are camouflaged near water. (Stealth+)))
((You have tentacles for arms and can constrict up to eight enemies at once.))


Message History

The goblin hits you but does no damage. Robin throws the goblin at you!
You hit the goblin.
The goblin is heavily wounded.
The bat hits you but does no damage. The giant cockroach barely misses you.
The goblin hits you but does no damage.
The frilled lizard bites you but does no damage.
You hit the goblin.
You kill the goblin!
The bat hits you but does no damage. Robin hits you but does no damage.
The giant cockroach bites you but does no damage.
You hit the giant cockroach.
Lightning courses through the giant cockroach!
You kill the giant cockroach!
The bat hits you but does no damage.
The frilled lizard bites you but does no damage.
Robin roars a battlecry!
The hobgoblins go into a battle-frenzy!
You hit the frilled lizard.
You kill the frilled lizard!
The bat hits you but does no damage. Robin hits you but does no damage.
The hobgoblin hits you but does no damage.
You hit the hobgoblin but do no damage.
Lightning courses through the hobgoblin!!
You kill the hobgoblin!
The bat barely misses you.
The hobgoblin hits you but does no damage.
Robin hits you with a +0 mace.
* * * LOW HITPOINT WARNING * * *
You hit the hobgoblin but do no damage.
The hobgoblin is moderately wounded.
The bat hits you but does no damage.
The hobgoblin hits you but does no damage.
You closely miss the hobgoblin.
The hobgoblin is moderately wounded.
The bat hits you but does no damage. Robin hits you but does no damage.
You hit Robin.
Robin is heavily wounded.
The hobgoblin barely misses you. The bat hits you but does no damage.
Robin hits you with a +0 mace.
You die...

....##..........###
..................####
#......<........... .
##..............#
..#.............?.#
..................#
#.................###
....#.......))g...(.#
#.. ##......)♣bg....#
#.......######g.....#
. #...#.# #w.....#
##....######......##
#.................#
...........>))....#
...................#
###..........#
............#


You could see Robin, a dart slug, 2 hobgoblins and a bat.

Vanquished Creatures
  Grinder (D:3)
  Sigmund (D:2)
  Natasha (D:2)
  2 adders
  7 gnolls (D:2)
  A worm (D:2)
  A dart slug (D:1)
  3 endoplasms
  2 giant cockroaches
  15 goblins
  7 hobgoblins
  2 quokkas
  3 ball pythons
  6 bats
  3 frilled lizards
  3 kobolds
  4 rats
62 creatures vanquished.

Notes
Turn   | Place    | Note
-------+----------+-------------------------------------------
     0 | D:1      | Delamore the Octopode Brigand began the quest for the Orb.
     0 | D:1      | Reached XP level 1. HP: 14/14 MP: 1/1
   147 | D:1      | Reached XP level 2. HP: 19/19 MP: 2/2
   309 | D:1      | Reached skill level 6 in Stealth
   741 | D:2      | Reached XP level 3. HP: 24/24 MP: 3/3
   812 | D:2      | Found a sparkling altar of Nemelex Xobeh.
  1220 | D:2      | Reached skill level 7 in Stealth
  1220 | D:2      | Reached XP level 4. HP: 16/29 MP: 4/4
  1727 | D:2      | Found a faded altar of an unknown god.
  1757 | D:2      | Reached XP level 5. HP: 34/34 MP: 5/5
  1813 | D:2      | Noticed Natasha
  1820 | D:2      | Killed Natasha
  1879 | D:2      | Noticed Sigmund
  1890 | D:2      | Killed Sigmund
  1891 | D:2      | Reached skill level 9 in Stealth
  1891 | D:2      | Reached XP level 6. HP: 28/39 MP: 6/6
  2144 | D:3      | Noticed Grinder
  2154 | D:3      | Paralysed by Grinder for 4 turns
  2164 | D:3      | Killed Grinder
  2165 | D:3      | Reached skill level 10 in Stealth
  2165 | D:3      | Reached XP level 7. HP: 37/45 MP: 7/7
  2218 | D:3      | Noticed Robin
  2232 | D:3      | HP: 2/45 [bat (1)]
  2254 | D:3      | HP: 3/67 [Robin (3)]
  2257 | D:3      | Slain by Robin

Illustrated notes

Levels and vault maps discovered:
D:1:      pf_arrival_petrified_forest, layout_basic, kennysheep_pointless_box,
          nrook_campfire
D:2:      layout_loops_ring, basic_altar, ebering_ecumenical_altar_abandoned,
          corexii_item_surrounded_by_moat, uniq_sigmund, uniq_natasha
D:3:      layout_rooms, uniq_grinder, uniq_jessica, uniq_robin

Skill      XL: |  1  2  3  4  5  6 |
---------------+-------------------+-----
Stealth        | 6 7 9 10 | 10.0
Short Blades   | 3 4 |  4.8
Fighting       | |  2.0
Throwing       | |  2.0
Dodging        | |  1.0

Action                   |  1- 3 |  4- 6 |  7- 9 || total
-------------------------+-------+-------+-------++-------
Melee: Dagger            |    40 |    40 |    28 ||   108
       Constrict         |     8 |    12 |     1 ||    21
       Tentacles         |     7 |     9 |       ||    16
Throw: Dart              |     5 |     3 |       ||     8
  Use: Potion            |       |       |     4 ||     4
       Scroll            |       |       |     3 ||     3
 Stab: Sleeping          |    17 |     4 |       ||    21
Armor: Skin              |     1 |     1 |    90 ||    92
Dodge: Dodged            |     7 |    16 |    28 ||    51
